Map: Odyssey LE

Players

Namshar - Winner!

  • Race: Zerg Zerg
  • Spawn Location: 11:00

Gerald

  • Race: Protoss Protoss
  • Spawn Location: 5:00

Event: WCS Valencia 2017

VOD

Have the link to the VOD?

Description

Time

  • Played on: July 13, 2017, 10:36 a.m.
  • Length: 13:26

All games in this series

Show
View Real Time Build Order
Export as new Build Order

Namshar Zerg - Winner!

Build Orders: Pool First 

Get SALT Encoding   

  12  0:00  Drone  
  13  0:12  Overlord  
  13  0:16  Drone  
  14  0:31  Drone x2  
  14  0:34  Drone  
  17  0:53  Drone  
  17  0:55  Extractor  
  17  0:56  Spawning Pool, Drone  
  17  1:17  Hatchery  
  16  1:21  Drone x2  
  18  1:33  Drone  
  19  1:43  Queen  
  19  1:45  Overlord  
  21  1:52  Zergling x2  
  22  2:00  Metabolic Boost  
  22  2:04  Drone  
  23  2:11  Drone  
  24  2:18  Queen  
  24  2:22  Zergling x2  
  27  2:30  Drone  
  27  2:33  Drone  
  29  2:40  Drone  
  30  2:47  Drone  
  31  2:55  Hatchery  
  31  2:56  Drone x4  
  34  3:01  Overlord  
  34  3:06  Queen  
  36  3:18  Drone  
  36  3:19  Spore Crawler  
  35  3:22  Drone x2  
  38  3:28  Drone x2  
  38  3:29  Overlord  
  38  3:30  Drone x4  
  44  3:38  Overlord  
  44  3:45  Lair  
  44  3:49  Roach Warren, Drone  
  44  3:50  Drone  
  44  3:52  Drone  
  44  3:54  Zergling x2  
  47  3:58  Zergling x2  
  47  4:00  Zergling x6  
  47  4:02  Drone  
  52  4:03  Extractor  
  52  4:04  Spore Crawler  
  52  4:07  Spore Crawler  
  49  4:10  Drone  
  49  4:11  Drone x2  
  52  4:18  Overlord  
  52  4:22  Extractor  
  51  4:25  Drone x3, Overlord  
  54  4:45  Glial Reconstitution  
  53  4:46  Roach x2  
  53  4:47  Drone, Roach x3  
  53  4:48  Drone x3  
  67  4:54  Drone x3  
  67  4:57  Overseer  
  67  4:58  Drone x2  
  72  5:04  Roach x2  
  76  5:09  Overlord x2  
  76  5:18  Roach x3  
  81  5:21  Overlord  
  81  5:30  Roach x2  
  81  5:32  Roach x2  
  81  5:33  Roach  
  81  5:35  Roach x2  
  95  5:40  Overlord x2  
  95  5:44  Drone  
  95  5:45  Drone x8  
  95  5:46  Overseer  
  102  6:09  Drone  
  102  6:10  Drone  
  103  6:11  Extractor, Drone  
  103  6:12  Drone x2  
  103  6:13  Spire, Drone  
  103  6:14  Evolution Chamber  
  104  6:19  Extractor x2, Drone x2, Spore Crawler  
  104  6:20  Overseer  
  104  6:23  Drone  
  104  6:24  Drone x5  
  109  6:29  Drone  
  109  6:32  Overlord  
  110  6:36  Hatchery  
  104  6:51  Drone x2  
  96  6:55  Hatchery  
  90  7:02  Drone x5  
  90  7:06  Roach  
  90  7:07  Roach x7  
  90  7:08  Zerg Melee Weapons Level 1  
  101  7:22  Drone x3  
  102  7:26  Overlord x3  
  102  7:29  Zerg Flyer Armor Level 1  
  101  7:37  Extractor  
  100  7:46  Drone  
  100  7:47  Drone x3  
  110  7:55  Drone  
  99  8:00  Drone x2  
  99  8:03  Spore Crawler  
  99  8:04  Baneling Nest  
  99  8:09  Drone x2  
  99  8:10  Drone x3  
  103  8:17  Corruptor x9  
  121  8:24  Corruptor  
  121  8:25  Corruptor x2  
  127  8:33  Drone  
  128  8:34  Overlord x2  
  128  8:35  Spire  
  127  8:43  Pneumatized Carapace  
  127  8:45  Burrow, Spine Crawler  
  126  8:49  Spine Crawler  
  126  8:53  Corruptor x3  
  131  9:02  Hatchery  
  130  9:07  Drone x4  
  130  9:08  Drone  
  131  9:10  Corruptor  
  131  9:11  Corruptor x2  
  131  9:14  Overlord x3  
  131  9:16  Zerg Melee Weapons Level 2  
  137  9:18  Drone x2  
  137  9:22  Roach x2  
  137  9:23  Roach x2  
  147  9:25  Overlord  
  147  9:28  Zerg Flyer Weapons Level 1  
  148  9:38  Zergling x12  
  148  9:39  Zergling x12  
  157  10:09  Corruptor  
  157  10:10  Corruptor x4  
  157  10:12  Zerg Flyer Armor Level 2  
  167  10:18  Drone x5  
  167  10:21  Baneling x8  
  172  10:26  Extractor  
  172  10:27  Zergling x16  
  172  10:28  Extractor, Zergling x10  
  183  10:42  Zergling x24  
  192  10:45  Queen  
  182  10:59  Drone x3  
  182  11:00  Drone x3, Overlord  
  182  11:01  Overlord x2  
  182  11:04  Centrifical Hooks  
  185  11:06  Drone  
  185  11:07  Overseer, Infestation Pit  
  185  11:08  Overseer x2  
  185  11:10  Corruptor x2  
  189  11:12  Zergling x8  
  189  11:14  Baneling  
  189  11:15  Baneling x8  
  189  11:17  Ravager x3  
  196  11:21  Ravager  
  196  11:24  Spore Crawler, Drone x2  
  196  11:25  Spine Crawler, Drone  
  198  11:26  Spine Crawler, Drone  
  186  11:41  Hatchery  
  176  11:52  Zergling x26  
  176  11:53  Zergling x12  
  191  11:58  Overseer x2  
  191  12:00  Drone x4  
  193  12:16  Drone x2  
  193  12:19  Drone x3  
  193  12:20  Drone  
  191  12:26  Spore Crawler  
  191  12:28  Spine Crawler  
  191  12:29  Spine Crawler  
  186  12:31  Drone x3  
  186  12:32  Drone  
  186  12:33  Spore Crawler, Spine Crawler  
  186  12:35  Zergling x2, Spine Crawler  
  186  12:36  Zergling x14  
  195  12:38  Ravager x3  
  195  12:39  Ravager  
  199  12:47  Baneling x12  
  199  12:48  Baneling x2  
  199  12:49  Baneling x10  
  199  12:52  Baneling x19  
Show
View Real Time Build Order
Export as new Build Order

Gerald Protoss 

Build Orders: 1 Gate Expand 

Get SALT Encoding   

  12  0:01  Probe (Chrono Boost)  
  13  0:11  Probe (Chrono Boost)  
  14  0:18  Pylon  
  14  0:22  Probe (Chrono Boost)  
  15  0:37  Probe (Chrono Boost)  
  15  0:40  Gateway  
  16  0:48  Probe (Chrono Boost)  
  16  0:49  Assimilator  
  17  0:58  Pylon  
  17  0:59  Probe (Chrono Boost)  
  18  1:09  Probe (Chrono Boost)  
  19  1:20  Probe (Chrono Boost)  
  20  1:27  Nexus  
  20  1:33  Probe (Chrono Boost)  
  20  1:38  Cybernetics Core  
  21  1:43  Probe (Chrono Boost)  
  22  1:49  Assimilator  
  23  1:54  Probe (Chrono Boost)  
  23  1:56  Pylon  
  23  2:14  Probe (Chrono Boost), Adept (Chrono Boost)  
  26  2:20  Warp Gate  
  26  2:22  Twilight Council  
  26  2:26  Probe  
  27  2:38  Probe x2, Adept (Chrono Boost)  
  31  2:48  Probe  
  31  2:50  Probe  
  33  2:59  Probe  
  33  3:01  Stalker (Chrono Boost)  
  33  3:02  Probe  
  33  3:03  Resonating Glaives (Chrono Boost)  
  37  3:09  Probe  
  38  3:17  Probe  
  39  3:20  Probe  
  39  3:25  Pylon  
  38  3:29  Mothership Core  
  38  3:30  Probe  
  38  3:33  Gateway  
  41  3:36  Gateway  
  41  3:41  Probe  
  41  3:42  Gateway  
  42  3:51  Probe x2  
  42  3:53  Pylon  
  44  4:02  Probe  
  44  4:03  Probe  
  44  4:08  Nexus  
  46  4:10  Pylon  
  46  4:12  Probe  
  46  4:15  Probe  
  48  4:21  Assimilator  
  48  4:23  Probe, Assimilator  
  48  4:28  Adept  
  48  4:29  Probe  
  52  4:33  Probe  
  51  4:40  Adept x2  
  51  4:41  Adept  
  51  4:43  Probe  
  51  4:44  Probe  
  59  4:53  Stargate  
  59  4:55  Adept  
  61  5:02  Adept x3  
  61  5:03  Probe  
  61  5:04  Probe  
  69  5:13  Stargate  
  69  5:16  Pylon, Probe  
  69  5:17  Gateway  
  69  5:20  Probe, Adept  
  72  5:28  Probe  
  74  5:31  Probe  
  74  5:32  Adept x3  
  81  5:39  Void Ray (Chrono Boost)  
  81  5:40  Probe  
  81  5:41  Probe  
  87  5:52  Probe x2  
  89  6:03  Probe  
  83  6:04  Probe  
  83  6:09  Adept x3  
  83  6:10  Void Ray (Chrono Boost)  
  89  6:15  Probe  
  89  6:16  Probe x2  
  92  6:21  Charge, Pylon  
  92  6:22  Assimilator  
  92  6:24  Pylon  
  92  6:27  Probe  
  92  6:28  Assimilator  
  93  6:33  Forge  
  93  6:37  Probe  
  93  6:39  Probe x2, Void Ray (Chrono Boost)  
  100  6:53  Pylon  
  96  6:54  Pylon  
  96  6:57  Pylon  
  96  7:01  Phoenix (Chrono Boost)  
  89  7:03  Probe  
  89  7:04  Probe  
  89  7:06  Probe  
  86  7:15  Fleet Beacon, Gateway, Probe  
  86  7:16  Probe  
  86  7:17  Gateway  
  86  7:19  Probe  
  86  7:20  Stargate  
  86  7:22  Photon Cannon  
  88  7:27  Probe  
  89  7:31  Pylon, Probe  
  89  7:33  Pylon, Adept x2  
  89  7:35  Pylon  
  89  7:36  Phoenix (Chrono Boost)  
  96  7:39  Phoenix (Chrono Boost)  
  96  7:41  Probe  
  99  7:47  Probe  
  98  7:54  Probe  
  98  7:58  Phoenix (Chrono Boost)  
  97  8:00  Photon Cannon, Phoenix (Chrono Boost)  
  97  8:03  Graviton Catapult  
  99  8:10  Phoenix (Chrono Boost)  
  101  8:14  Nexus  
  101  8:17  Pylon  
  99  8:20  Adept x2  
  99  8:23  Adept  
  115  8:36  Carrier (Chrono Boost)  
  115  8:40  Carrier (Chrono Boost)  
  121  8:46  Carrier (Chrono Boost)  
  121  8:47  Probe  
  122  8:49  Pylon  
  122  9:00  Probe  
  122  9:01  Photon Cannon  
  123  9:04  Pylon  
  117  9:12  Dark Shrine  
  115  9:18  Photon Cannon  
  115  9:25  Photon Cannon  
  115  9:26  Photon Cannon  
  115  9:29  Photon Cannon  
  115  9:31  Gateway  
  115  9:34  Gateway  
  115  9:35  Photon Cannon, Gateway  
  115  9:37  Stalker  
  117  9:39  Stalker  
  117  9:40  Pylon  
  117  9:54  Probe  
  112  10:00  Nexus  
  112  10:01  Carrier (Chrono Boost)  
  104  10:08  Mothership Core  
  104  10:09  Zealot x2  
  104  10:10  Zealot x4  
  118  10:16  Protoss Ground Weapons Level 1  
  118  10:17  Robotics Facility  
  124  10:23  Probe  
  124  10:25  Assimilator  
  125  10:32  Carrier (Chrono Boost)  
  125  10:35  Stalker x4  
  133  10:38  Zealot x2  
  133  10:39  Zealot  
  139  10:51  Nexus  
  133  11:01  Templar Archives, Adept x3  
  133  11:04  Observer  
  133  11:11  Dark Templar x3  
  140  11:28  Pylon  
  140  11:31  Zealot x3  
  140  11:32  Zealot, Dark Templar x2  
  152  11:33  Probe  
  152  11:35  Probe  
  119  11:50  Dark Templar  
  119  11:51  Probe  
  106  11:58  Zealot x4  
  106  11:59  Zealot x2  
  101  12:02  Probe  
  97  12:12  Probe  
  97  12:15  Zealot x2  
  88  12:24  High Templar x2  
  88  12:25  High Templar x3  
  99  12:31  High Templar, Archon x2  
  100  12:39  Zealot x2  
  100  12:43  Probe  
  105  12:53  Pylon  
  105  12:55  Forge, Probe, Nexus  
  106  13:00  Pylon  
  106  13:04  Zealot x8  
Tags
 
Add a new tag
Caveats
  • Supply blocks, unpowered buildings, or Contaminate may cause inaccurate times.
  • Supply counts are checked every 10 seconds.